Cogmind - Beta 15 @@@ ROGUE MODE // 2025.08.10 @ 20:37:36 Player: Skysub Result: Destroyed by W6-AZS(R) with Subdweller Machine Gun Performance ------------- Evolutions (0) 0 Regions Visited (2) 400 Robots Destroyed (29) 145 Value Destroyed (491) 491 Prototype IDs (0) 0 Alien Tech Used (0) 0 Bonus (0) 0 TOTAL SCORE: 1036 Bonus ------- None Cogmind --------- Core Integrity 0/250 Matter 276/300 Energy 125/125 System Corruption 0% Temperature Cool (0) Movement Treading (160) Location -10/Subcaves Parts ------- > --- POWER (1) -------- Light Ion Engine > --- PROPULSION (2) --- Improved Treads Improved Treads > --- UTILITY (2) ------ Large Storage Unit Medium Armor Plating > --- WEAPON (2) ------- Assault Rifle Assault Rifle > --- INVENTORY (15) --- Light Treads Improved Treads Improved Treads Wheel Wheel Medium Storage Unit Medium Matter Pod (85) Structural Scanner Seismic Detector Medium Armor Plating Medium Armor Plating Assault Rifle Assault Rifle Mining Laser Peak State ------------ > --- POWER ------------ Light Ion Engine > --- PROPULSION ------- Improved Treads Improved Treads > --- UTILITY ---------- Large Storage Unit Medium Armor Plating > --- WEAPON ----------- Assault Rifle Assault Rifle > --- INVENTORY -------- Light Treads Light Treads Light Treads Improved Treads Improved Treads Wheel Wheel Medium Storage Unit Medium Matter Pod Structural Scanner Seismic Detector Medium Armor Plating Medium Armor Plating Medium Armor Plating Mining Laser [Rating: 12] Favorites ----------- Power Light Ion Engine Engine Light Ion Engine Propulsion Light Treads Treads Light Treads Utility Large Storage Unit Device Seismic Detector Storage Large Storage Unit Protection Medium Armor Plating Weapon Assault Rifle Energy Gun EM Pulse Gun Ballistic Gun Assault Rifle Build | -11 -10 -10 ------- Run | Yrd Mat Sub Slots Evolved . | . . . Power . | . . . Propulsion . | . . . Utility . | . . . Weapon . | . . . Parts Attached 20 | 8 11 1 Power 2 | 1 1 . Engine 2 | 1 1 . Core . | . . . Reactor . | . . . Propulsion 4 | 2 2 . Treads 4 | 2 2 . Leg . | . . . Wheel . | . . . Hover . | . . . Flight . | . . . Utility 7 | 2 4 1 Device 2 | 1 1 . Storage 3 | 1 2 . Processor . | . . . Hackware . | . . . Protection 2 | . 1 1 Artifact . | . . . Weapon 7 | 3 4 . Energy Gun 1 | 1 . . Energy Cannon . | . . . Ballistic Gun 6 | 2 4 . Ballistic Cannon . | . . . Launcher . | . . . Special Weapon . | . . . Impact Weapon . | . . . Slashing Weapon . | . . . Piercing Weapon . | . . . Special Melee Weapon . | . . . Unidentified Prototypes . | . . . Parts Lost 5 | . 4 1 Power 1 | . 1 . Propulsion . | . . . Utility 2 | . 1 1 Weapon 2 | . 2 . Highest Loss Streak 2 | . 2 1 To Critical Strikes . | . . . Average Backups 10 | 1 9 14 Power . | . . . Propulsion 4 | 1 4 5 Utility 4 | . 3 6 Weapon 1 | . 1 3 Tool/Special . | . . . Unused Backups 14 | . 2 12 Power . | . . . Propulsion 7 | . 2 5 Utility 4 | . . 4 Weapon 3 | . . 3 Tool/Special . | . . . Average Slot Usage (%) 99 | . 98 100 Engine 13 | . 13 14 Treads 28 | . 28 28 Device 6 | . 8 . Storage 14 | . 14 14 Protection 6 | . 4 14 Ballistic Gun 28 | . 28 28 Peak Build Rating 12 | 7 12 12 Average Rating 8 | 4 8 11 On Entrance 6 | . 7 12 Naked Turns . | . . . Heaviest Build 34 | 13 34 34 Greatest Support 46 | 40 46 46 Greatest Overweight (x) . | . . . Average Overweight (x) . | . . . Largest Inventory Capacity 15 | 8 15 15 Average Capacity 12 | 6 11 15 Most Carried 15 | 4 15 15 Average Carried 10 | 1 9 14 Final Capacity 15 | 8 15 15 Final Carried 15 | 4 15 14 Class Distribution -------------------- 100% | Mutant Dominant Class ---------------- Mutant | -10/Materials Mutant | -10/Subcaves Resources | -11 -10 -10 ----------- Run | Yrd Mat Sub Matter Collected 961 | 251 489 221 Remotely . | . . . Salvage Created 711 | 17 601 93 Parts 69 | 6 56 7 Haulers Intercepted 2 | . 2 . Recyclers Shooed 1 | . 1 . Parts Field Recycled . | . . . Retrieved Matter . | . . . Parts Self-Destructed 11 | . . 11 Prevented . | . . . Kills | -11 -10 -10 ------- Run | Yrd Mat Sub Combat Hostiles Destroyed 22 | . 19 3 Guns 22 | . 19 3 Classes Destroyed 6 | 1 4 1 Tunneler 1 | 1 . . Hauler 2 | . 2 . Turret 2 | . . 2 Watcher 2 | . 2 . Swarmer 15 | . 12 3 Grunt 7 | . 7 . Best Kill Streak 3 | 1 3 3 Combat Bots Only 3 | . 3 3 Max Kills in Single Turn 1 | 1 1 1 Gunslinging . | . . . Exploded . | . . . Melee . | . . . Uniques/NPCs Destroyed . | . . . Combat | -11 -10 -10 -------- Run | Yrd Mat Sub Hostile Shots Fired 233 | . 89 144 Missed 82 | . 17 65 Hits 151 | . 72 79 Projectile 151 | . 72 79 Critical Strikes 1 | . . 1 Damage Taken 1376 | . 732 644 Core 263 | . 139 124 Absorbed by Shields . | . . . Core Remaining (%) 100 | 100 . . Volleys Fired 93 | 1 67 25 Largest 2 | 2 2 2 Hottest 40 | 40 40 40 Shots Fired 184 | 2 132 50 Gun 184 | 2 132 50 Cannon . | . . . Launcher . | . . . Special . | . . . Kinetic 184 | 2 132 50 Thermal . | . . . Explosive . | . . . Electromagnetic . | . . . Robot Hit Streak 15 | 1 15 7 Robot Miss Streak 4 | 1 4 3 Penetration Max . | . . . Secondary Targets 4 | . 3 1 Max Gunslinging Chain 1 | . 1 1 Shots Hit Robots 112 | 1 80 31 Core Hits 42 | 1 31 10 Critical Kills . | . . . Critical Parts Destroyed 1 | . 1 . Critical Strikes 1 | . 1 . Destroy 1 | . 1 . Melee Attacks . | . . . Impact . | . . . Slashing . | . . . Piercing . | . . . Sneak Attacks . | . . . Combat Hostiles . | . . . Follow-up Attacks . | . . . Damage Inflicted 1378 | 14 1004 360 Guns 1372 | 14 998 360 Cannons . | . . . Explosions . | . . . Melee . | . . . Ramming 6 | . 6 . Kinetic 1372 | 14 998 360 Thermal . | . . . Explosive . | . . . Electromagnetic . | . . . Impact . | . . . Slashing . | . . . Piercing . | . . . Highest Corruption . | . . . Average Corruption . | . . . Corruption Purged . | . . . Corruption Blocked . | . . . Overload Shots . | . . . Overflow Damage . | . . . Projectiles . | . . . Explosions . | . . . Melee . | . . . Knockbacks . | . . . Impact . | . . . Kinetic . | . . . Secondary . | . . . Self-Inflicted Damage . | . . . Shots . | . . . Rammed 6 | . 6 . Targets Rammed 6 | . 6 . Kicked . | . . . Crushed . | . . . Highest Temperature 6 | . 6 6 Average Temperature 4 | . 4 4 Received Heat Transfer 594 | . 228 366 Siege Activations . | . . . Martial Activations . | . . . Shielding Activations . | . . . Robots Disrupted . | . . . Combat Hostiles . | . . . Robots Corrupted . | . . . Combat Hostiles . | . . . Parts Fried . | . . . Impact Corruptions . | . . . Robots Melted . | . . . Combat Hostiles . | . . . Parts Melted . | . . . Heat Transferred . | . . . Parts Sabotaged . | . . . Parts Stolen . | . . . Parts Stripped . | . . . Power Chain Reactions . | . . . Alert | -11 -10 -10 ------- Run | Yrd Mat Sub Maximum Alert Level . | . . . Low Security (%) 100 | 100 100 . Level 1 . | . . . Level 2 . | . . . Level 3 . | . . . Level 4 . | . . . Level 5 . | . . . High Security . | . . . Max Security . | . . . Peak Influence 171 | 5 171 . Initial 3 | . 3 . Average 86 | . 92 . Influence Increases 747 | 5 597 145 Destroy 0b10 Robot/C 480 | . 380 100 Destroy 0b10 Robot/NC 25 | 5 20 . Destroy Leader 78 | . 78 . Successful Hack 13 | . 13 . Select Force Hacks 60 | . 60 . Destroy Structure 1 | . 1 . Lose Combat Pursuer 90 | . 45 45 Influence Decreases 714 | . 457 257 Entered New Map 72 | . 2 70 Time Decay 592 | . 415 177 Lost Part 50 | . 40 10 Squads Dispatched 3 | . 3 . Investigation 2 | . 2 . Extermination . | . . . Reinforcement 1 | . 1 . Assault . | . . . Garrison . | . . . Intercept . | . . . Searches Triggered . | . . . Construction Impeded . | . . . Haulers Reinforced . | . . . Active Scanning Responses . | . . . Cargo Convoy Interrupts . | . . . Stealth | -11 -10 -10 --------- Run | Yrd Mat Sub Distress Signals . | . . . Communications Jammed . | . . . Distress Signals . | . . . Times Spotted 40 | . 30 10 Peak Tracking Total 6 | . 4 6 Tactical Retreats 4 | . 2 2 Traps | -11 -10 -10 ------- Run | Yrd Mat Sub Traps Triggered 1 | . 1 . Indirectly . | . . . Trap Hack Attempts . | . . . Triggered . | . . . Disarmed . | . . . Reprogrammed . | . . . Reused . | . . . Traps Extracted . | . . . Installed . | . . . Triggered . | . . . Machines | -11 -10 -10 ---------- Run | Yrd Mat Sub Machines Disabled 1 | . . 1 Max in Single Turn 1 | . . 1 Machines Repaired . | . . . Machines Dismantled . | . . . Machines Sabotaged . | . . . Overloaded Fab Kills . | . . . Hacking | -11 -10 -10 --------- Run | Yrd Mat Sub Machines Accessed 8 | . 8 . Terminals 6 | . 6 . Fabricators . | . . . Repair Stations . | . . . Recycling Units 2 | . 2 . Scanalyzers . | . . . Garrison Access . | . . . Total Hacks 24 | . 24 . Successful 13 | . 13 . Failed 10 | . 10 . Catastrophic 1 | . 1 . Database Lockouts 1 | . 1 . Manual 22 | . 22 . Terminals 19 | . 19 . Fabricators . | . . . Repair Stations . | . . . Recycling Units 5 | . 5 . Scanalyzers . | . . . Garrison Access . | . . . Terminal Hacks 1 | . 1 . Robot Analysis 1 | . 1 . Fabricator Hacks . | . . . Repair Station Hacks . | . . . Recycling Unit Hacks 3 | . 3 . Report Inventory 2 | . 2 . Retrieve Components 1 | . 1 . Scanalyzer . | . . . Garrison Access Hacks . | . . . Unauthorized Hacks 9 | . 9 . Terminals 7 | . 7 . Botnet 2 | . 2 . Skim 5 | . 5 . Fabricators . | . . . Repair Stations . | . . . Recycling Units 2 | . 2 . Tunnel 2 | . 2 . Scanalyzers . | . . . Garrison Access . | . . . Data Cores Recovered . | . . . Used . | . . . Hacking Detections 5 | . 5 . Full Trace Events . | . . . Feedback Events . | . . . Feedback Blocked . | . . . Robot Schematics Acquired . | . . . Robots Built . | . . . Authchips . | . . . Time . | . . . Total Robot Build Rating . | . . . Part Schematics Acquired . | . . . Parts Built . | . . . Authchips . | . . . Time . | . . . Total Part Build Rating . | . . . Parts Repaired . | . . . Time . | . . . Parts Recycled . | . . . Recycled Matter . | . . . Retrieved Matter . | . . . Retrieved Components 10 | . 10 . Parts Scanalyzed . | . . . Part Schematics Acquired . | . . . Parts Damaged . | . . . Bothacking | -11 -10 -10 ------------ Run | Yrd Mat Sub Used RIF Installer . | . . . Robots Hacked . | . . . Non-combat . | . . . Combat . | . . . Robot Hacks Applied . | . . . Relay Couplers Released . | . . . Fabnet Peak Effective % . | . . . Robots Rewired . | . . . Allies Hacked . | . . . Hacks Repelled . | . . . Allies | -11 -10 -10 -------- Run | Yrd Mat Sub Total Allies . | . . . Largest Group . | . . . Highest-Rated Group . | . . . Highest-Rated Ally . | . . . Total Orders . | . . . Ally Attacks . | . . . Total Damage . | . . . Kills . | . . . Allies Corrupted . | . . . Allies Melted . | . . . Intel | -11 -10 -10 ------- Run | Yrd Mat Sub Active Infowar (turns) 845 | 3 842 . Seismic 845 | 3 842 . Robot Analysis Total 1 | . 1 . Derelict Logs Recovered . | . . . Drone Launches . | . . . Drone Recoveries . | . . . Exploration | -11 -10 -10 ------------- Run | Yrd Mat Sub Turns Passed 1911 | 98 1334 479 Spaces Moved 876 | 50 671 155 Core 1 | 1 . . Treads 875 | 49 671 155 Legs . | . . . Wheels . | . . . Hover . | . . . Flight . | . . . Fastest Speed 50 | 50 160 160 Average Speed 159 | 157 160 160 Slowest Speed 160 | 160 160 160 Overloaded Moves . | . . . Propulsion Burnouts . | . . . Robots Hopped . | . . . Potential Cave-ins . | . . . Cave-ins Triggered . | . . . Exploration Rate (%) 37 | 4 95 12 Regions Visited 2 Branch Regions 1 Pre-discovered Areas 2 | . 2 . Known Exits Taken 1 | . 1 . Unknown Exits Taken 1 | 1 . . Scrap Searched . | . . . Spaces Dug . | . . . Terrain Destroyed . | . . . Melee . | . . . Projectile . | . . . AOE . | . . . Terrain Rammed . | . . . Walls Destroyed . | . . . Machines Disabled . | . . . Actions | -11 -10 -10 --------- Run | Yrd Mat Sub Total 1199 | 64 799 336 Wait 178 | . 23 155 Move 874 | 49 670 155 Hop . | . . . Pick Up 19 | 4 15 . Fast Attach 9 | 8 1 . Attach 4 | . 3 1 Detach 1 | 1 . . Swap 7 | . 7 . Drop 8 | 1 7 . Fire 93 | 1 67 25 Melee . | . . . Ram . | . . . Kick . | . . . Crush 6 | . 6 . Escape Stasis . | . . . Rewire . | . . . Trap . | . . . Miscellaneous . | . . . Route ------- -11/Scrapyard -10/Materials (discovered 6 exits: *Mat x3 / [*Min x2] / *Sub) -10/Subcaves (discovered 1 exit: [*Rec]) History --------- Turn | Location | Event 48 | -11/Scrapyard | Discovered new exit (range 15) 99 | -11/Scrapyard | Entered Materials 137 | -10/Materials | Discovered new exit (range 12) 244 | -10/Materials | Discovered new exit (range 13) 307 | -10/Materials | Build established: Mutant 558 | -10/Materials | Discovered new exit (range 10) 621 | -10/Materials | Core integrity fell below 50% 869 | -10/Materials | Discovered new exit (range 7) 970 | -10/Materials | Central database locked down 1052 | -10/Materials | Identified exit to Materials 1101 | -10/Materials | Discovered exit to Materials (range 5) 1124 | -10/Materials | Identified exit to Subcaves 1184 | -10/Materials | Learned 2 Materials zone layouts 1234 | -10/Materials | Learned location of 1 exit from Storage 1276 | -10/Materials | Learned 4 Recycling zone layouts 1307 | -10/Materials | Learned Storage security intel 1346 | -10/Materials | Learned Storage emergency access door positions 1393 | -10/Materials | Learned location of 2 exits from Materials 1433 | -10/Materials | Entered Subcaves 1434 | -10/Subcaves | Approached by a straggling Scientist 1671 | -10/Subcaves | Discovered new exit (range 16) 1736 | -10/Subcaves | Core integrity fell below 20% 1912 | -10/Subcaves | Destroyed by W6-AZS(R) with Subdweller Machine Gun Last Messages --------------- 01746_ Autobeam Turret destroyed. 01749_ Acquired 17 matter. 01752_ Acquired 18 matter. 01755_ Acquired 34 matter. 01757_ Subatomizers dissect the Disposable Heat Sink. 01757_ Acquired 42 matter. 01759_ Autobeam fries itself beyond repair. 01771_ Subatomizers dissect the Disposable Heat Sink. 01776_ Acquired 12 matter. 01777_ Acquired 29 matter. 01781_ Acquired 15 matter. 01782_ Acquired 8 matter. 01787_ Acquired 5 matter. RF-OZO(c): "I think it's somewhere northwest of here" 01794_ Subatomizers dissect the Disposable Heat Sink, destroying it. 01795_ Acquired 10 matter. 01816_ Autobeam Turret destroyed. RF-OZO(c): "I think it's somewhere northwest of here" 01880_ Acquired 13 matter. RF-OZO(c): "I think it's somewhere northwest of here" Map ----- +----------------------------------------------------+ | ?????????????????????????????????????????????????? | | ?????????????????????????????????????????????????? | | ?????????????????????????????????????????????????? | | ?????????????????????????????????????????????????? | | ?????????????????????????????????????????????????? | | ?????????????????????????????????????????????????? | | ?????????????????????????????????????????????????? | | ?????????????????????????????????????????????????? | | ?????????????????????????????????????????????????? | | ?????????????????????????????????????????????????? | | ?????????????????????????????????????????????????? | | ?????????????????????????????????????????????????? | | ?????????????????????????????????????????????????? | | ?????????????????????????????????????????????????? | | ?????????????????????????????????????????????????? | | ?????????????????????????????????????????????????? | | ????????????????????????##???????????????????????? | | ????????????????????????" ##?????????????????????? | | ????????????????????????" ##????????????????????? | | ????????????????????????? ##???????????????????? | | ????????????????##??????? ""#???????????????????? | | ????????????????# "??????#"" #???????????????????? | | ????????????????# " ?????# " #???????? ??????????? | | ????????????????# " #????#""#?????### ?????????? | | ????????## ???# ##### R##???# ????????? | | ?????? ?# R @ ##?# ????????? | | ????? ### ## ???????? | | ?????? = #?????????? | | ?????? ##????????? | | ??????? #????????? | | ???????? #????????? | | ????????# ### #????????? | | ????????# ### #??## ## ##????????? | | ????????# #?# #????# ## #??##?????????? | | ????????# #?##?????# #?## #????????????? | | ?????????# ####?????# ##???# #???????????? | | ????????## #????## ###????? #???????????? | | ######### ####### #???????? #??????????? | | # ## # # #?????????? #??????????? | | #??????????????????????? | | % #??????????????????????? | | ## & ## #### ### #??????????????????????? | | ## & ### #####??## ##?####??????????????????????? | | ?# #?####???????###????????????????????????????? | | ?# &&#???????????????????????????????????????????? | | ?# #???????????????????????????????????????????? | | ?# #???????????????????????????????????????????? | | ?# #???????????????????????????????????????????? | | ## ####????????????????????????????????????????? | | "#????????????????????????????????????????? | +----------------------------------------------------+ Best States ------------- Heat Dissipation 25 Energy Generation 10 Energy Capacity 125 Matter Stores 300 Matter Capacity 300 Sight Range 16 Terrain Scan Density 10 Armor Coverage 225 Evasion (%) 40 Recoil Reduction 2 Item Schematics ----------------- None Robot Schematics ------------------ None Fabricated ------------ Nothing Repaired ---------- Nothing Alien Tech Used ----------------- None Achievements -------------- None Challenges ------------ None Game ------ Seed SkeletonMetaChainsaw Manual? 0 Play Time 00:10:58 Cumulative 249.4 hours Start 2025.08.10 @ 20:27:21 End 2025.08.10 @ 20:37:36 Sessions 3 Manual Loads 0 Difficulty Rogue Special Mode None Game No. 265 Rogue 265 Adventurer 0 Explorer 0 Win Type - Total 11 Types 5/0/3/1/0/0/0/1/0/1 Lore% 75 Gallery% 71 Achievement% 66 Wizard Run 0 Options --------- Layout 1 ASCII 0 Keyboard 1 Movement Numpad Keybinds 0 Fullscreen 1 Font 32/SmallcapsGlow Map View 77x35 Zoom Use 0% Tactical HUD 1 Map Filters NONE Filters NONE Steam 1 RUN: 4bf3c982-3431-4237-88c8-2b73d310ca65